Workbook

Sheet Quadro resumo
A2: ANEXO “C” PLANILHA DE COMPOSIÇÃO DE CUSTOS
A3: Apresentação de proposta comecial para processo licitatório
A4: Pregão Eletrônico 36/2025
A5: Objeto: | B5: Cessão de mão de obra terceirizada para os serviços de servente braçal, borracheiro, mecânico, motorista de veículo pesado e operador de equipamentos
A6: Razão Social da empresa:
A7: CNPJ:
A8: Telefone de contato:
A9: E-mail para contato:
A10: Data da proposta:
A12: VALOR POR POSTO DE TRABALHO
A13: Função | B13: Valor Mensal por Posto de Trabalho | C13: Valor Anual por posto de trabalho
A14: Servente Braçal | B14: ='Servente braçal'!I123 -> 5654.16 | C14: =B14*12 -> 67849.92
A15: Borracheiro | B15: =Borracheiro!I123 -> 5593.03 | C15: =B15*12 -> 67116.36
A16: Mecânico Linha Pesada | B16: ='Mecânico linha pesada'!I122 -> 6006.26 | C16: =B16*12 -> 72075.12
A17: Motorista de veículos pesdos | B17: ='Motorista de veículos pesados'!I122 -> 8435.84 | C17: =B17*12 -> 101230.08
A18: Operador de Equipamentos | B18: ='Operador de Equipamento'!I122 -> 9415.46 | C18: =B18*12 -> 112985.52
A20: VALOR TOTAL DA LICITAÇÃO
A21: Função | B21: Quantidade total (estimada) de postos de trabalho da licitação | C21: Valor total estimado mensal | D21: Valor total estimado anual
A22: Servente Braçal | B22: 34 | C22: =B22*B14 -> 192241.44 | D22: =C22*12 -> 2306897.3
A23: Borracheiro | B23: 2 | C23: =B23*B15 -> 11186.06 | D23: =C23*12 -> 134232.72
A24: Mecânico Linha Pesada | B24: 4 | C24: =B24*B16 -> 24025.04 | D24: =C24*12 -> 288300.48
A25: Motorista de veículos pesdos | B25: 21 | C25: =B25*B17 -> 177152.64 | D25: =C25*12 -> 2125831.7
A26: Operador de Equipamentos | B26: 17 | C26: =B26*B18 -> 160062.82 | D26: =C26*12 -> 1920753.8
C27: =SUM(C22:C26) -> 564668 | D27: =SUM(D22:D26) -> 6776016
A29: Horas extras - projeção de valor (*) | C29: 1669500
A30: Observação (*): Esse item não deve sofrer acrescimos ou reduções de valores no momento da elaboração da proposta comercial, uma vez que, o mesmo se trata de uma provisão de valores a serem pagos a título de hora extra, servindo como item disponível para futuros empenhos. As horas extras somente poderão se realizadas com a autorização do fiscal do contrato, e serão pagas apenas aquelas que não puderem ser compensadas. Para fins de pagamento, a contratada deverá comprovar a realização, a composição dos valores, e a autorização para a realização destes, antes da emissão da nota fiscal.
A31: Valor final da proposta comercial: | B31: =C29+D27 -> 8445516
A32: Valor por extenso: | B32: oito milhões, quatrocentos e quarenta e cinco mil, quinhentos e dezesseis reais
A34: DETALHAMENTO CONFORME ITEM 3 DO EDITAL:
A36: Postos de trabalho com contratação IMEDIATA
A37: Função | B37: Quantidade Posto de trabalho para Contratação Imediata | C37: Valor mensal por posto de trabalho: | D37: Valor mensal dos postos de contratação imediata | E37: Valor anual dos postos de contratação imediata
A38: Servente Braçal | B38: 24 | C38: =B14 -> 5654.16 | D38: =C38*B38 -> 135699.84 | E38: =D38*12 -> 1628398.1
A39: Borracheiro | B39: 1 | C39: =B15 -> 5593.03 | D39: =C39*B39 -> 5593.03 | E39: =D39*12 -> 67116.36
A40: Mecânico Linha Pesada | B40: 2 | C40: =B16 -> 6006.26 | D40: =C40*B40 -> 12012.52 | E40: =D40*12 -> 144150.24
A41: Motorista de veículos pesados | B41: 11 | C41: =B17 -> 8435.84 | D41: =C41*B41 -> 92794.24 | E41: =D41*12 -> 1113530.9
A42: Operador de Equipamentos | B42: 7 | C42: =B18 -> 9415.46 | D42: =C42*B42 -> 65908.22 | E42: =D42*12 -> 790898.64
D43: =SUM(D38:D42) -> 312007.85 | E43: =SUM(E38:E42) -> 3744094.2
A45: Postos de trabalho com contratação ESTIMADA
A46: Função | B46: Quantidade Posto de trabalho para Contratação Estimada | C46: Valor mensal por posto de trabalho: | D46: Valor mensal dos postos de contratação estimada: | E46: Valor anual dos postos de contratação estimada:
A47: Servente Braçal | B47: =B22-B38 -> 10 | C47: =B14 -> 5654.16 | D47: =C47*B47 -> 56541.6 | E47: =D47*12 -> 678499.2
A48: Borracheiro | B48: =B23-B39 -> 1 | C48: =B15 -> 5593.03 | D48: =C48*B48 -> 5593.03 | E48: =D48*12 -> 67116.36
A49: Mecânico Linha Pesada | B49: =B24-B40 -> 2 | C49: =B16 -> 6006.26 | D49: =C49*B49 -> 12012.52 | E49: =D49*12 -> 144150.24
A50: Motorista de veículos pesados | B50: =B25-B41 -> 10 | C50: =B17 -> 8435.84 | D50: =C50*B50 -> 84358.4 | E50: =D50*12 -> 1012300.8
A51: Operador de Equipamentos | B51: =B26-B42 -> 10 | C51: =B18 -> 9415.46 | D51: =C51*B51 -> 94154.6 | E51: =D51*12 -> 1129855.2
D52: =SUM(D47:D51) -> 252660.15 | E52: =SUM(E47:E51) -> 3031921.8
A54: Nome e assinatura do responsável:

Sheet Servente braçal
A2: Observação: preencher os campos em amarelo
A3: Categoria profissional: SERVENTE BRAÇAL - Salário com base na CCT
A4: Discriminação dos Serviços
A5: A | B5: Data de apresentação da proposta
A6: B | B6: Sindicato | H6: SIND DOS EMPRG DE EMP DE ASSEIO E CONSERVACAO DO EST SC, CNPJ n. 81.532.095/0001-96
A7: C | B7: Ano do Acordo, Convenção ou Dissídio Coletivo | H7: SC000014/2025
A8: D | B8: Nº de meses de execução contratual | H8: 12
A9: E | B9: Função contratada: | H9: Serviços gerais
A11: Dados para composição dos custos referentes à mão-de-obra
A12: 1 | B12: Salário Nominativo da Categoria Profissional | H12: 1653.63
A13: 2 | B13: Data base da categoria (dia/mês/ano) | H13: 45658
A15: MÓDULO 1 - COMPOSIÇÃO DA REMUNERAÇÃO
A16: 1 | B16: COMPOSIÇÃO DA REMUNERAÇÃO | H16: % | I16: VALOR (R$)
A17: A | B17: Salário Base | I17: 1653.63
A18: B | B18: Adicional Periculosidade | I18: 0
A19: C | B19: Adicional Insalubridade - Conforme CCT | H19: 0.2 | I19: =I17*20% -> 330.726
A20: D | B20: Adicional Noturno | I20: 0
A21: E | B21: Adicional de Hora Noturna Reduzida | I21: 0
A22: F | B22: Outros (especificar) | I22: 0
A23: TOTAL DO MÓDULO 1 | I23: =SUM(I17:I22) -> 1984.356
A25: MÓDULO 2 – ENCARGOS E BENEFÍCIOS ANUAIS, MENSAIS E DIÁRIOS
A26: Submódulo 2.1 - 13º Salário, Férias e Adicional de Férias | H26: % | I26: VALOR (R$)
A27: A | B27: 13 (Décimo-terceiro) salário (Percentual obrigatório conforme Anexo XII - IN 5/17) | H27: 0.083333 | I27: =TRUNC($I$23*H27,2) -> 165.36
A28: B | B28: Férias e Adicional de Férias (Percentual obrigatório conforme Anexo XII - IN 5/17) | H28: 0.121 | I28: =TRUNC($I$23*H28,2) -> 240.1
A29: TOTAL SUBMÓDULO 2.1 | H29: =SUM(H27:H28) -> 0.204333 | I29: =SUM(I27:I28) -> 405.46
A31: Submódulo 2.2 - GPS, FGTS e Outras Contribuições | H31: % | I31: VALOR (R$)
A32: A | B32: INSS | H32: 0.2 | I32: =TRUNC(($I$23+$I$29)*$H$32,2) -> 477.96
A33: B | B33: Salário Educação | H33: 0.025 | I33: =TRUNC(($I$23+$I$29)*$H$33,2) -> 59.74 | K33: Detalhamento VT
A34: C | B34: SAT (Seguro Acidente de Trabalho) | H34: 0.03 | I34: =TRUNC(($I$23+$I$29)*$H$34,2) -> 71.69 | K34: Vale transporte - Valor unitário | L34: 1.5
A35: D | B35: SESC ou SESI | H35: 0.015 | I35: =TRUNC(($I$23+$I$29)*$H$35,2) -> 35.84 | K35: Valor transporte diário (2) | L35: =L34*2 -> 3
A36: E | B36: SENAI - SENAC | H36: 0.01 | I36: =TRUNC(($I$23+$I$29)*$H$36,2) -> 23.89 | K36: Vale transporte mensal (22 dias) | L36: =L35*22 -> 66
A37: F | B37: SEBRAE | H37: 0.006 | I37: =TRUNC(($I$23+$I$29)*$H$37,2) -> 14.33 | K37: Cálculo de 6% sobre o salário | L37: =I17*6% -> 99.2178
A38: G | B38: INCRA | H38: 0.002 | I38: =TRUNC(($I$23+$I$29)*$H$38,2) -> 4.77 | K38: O desconto o VT na folha de pagamento dos funcionários será de 66,00, e portanto, a empresa não terá custos com o fornecimento de vale transporte (Art. 4º, § único, do Decreto nº 95.247/1987:)
A39: H | B39: FGTS | H39: 0.08 | I39: =TRUNC(($I$23+$I$29)*$H$39,2) -> 191.18
A40: TOTAL SUBMÓDULO 2.2 | H40: =SUM(H32:H39) -> 0.368 | I40: =SUM(I32:I39) -> 879.4
A42: Submódulo 2.3 - Benefícios Mensais e Diários | I42: VALOR (R$)
A43: A | B43: Transporte (R$ 1,50 x 2 x 22 - 6% x SalBase) | H43: - | I43: 0
A44: B | B44: Auxílio Alimentação [(R$ 27,97 x 22) - 1%] - Conforme CCT SC000014/2025 - Segunda à Sexta | H44: - | I44: =(27.97*22)-((27.97*22)*1%) -> 609.1866
A45: B | B45: Auxílio Alimentação [(R$ 17,06 x 4) - 1%] - Conforme CCT SC000014/2025 - Sábado | H45: - | I45: =(17.06*4)-((17.06*4)*1%) -> 67.5576
A46: C | B46: Assiduidade - Conforme CCT SC000014/2025 | H46: - | I46: =I23*7% -> 138.90492
A47: D | B47: Benefício de assistência ao trabalhador - Conforme CCT SC000014/2025 | H47: - | I47: 11
A48: TOTAL SUBMÓDULO 2.3 | I48: =SUM(I43:I47) -> 826.64912
A50: QUADRO-RESUMO DO MÓDULO 2 - ENCARGOS, BENEFÍCIOS ANUAIS, MENSAIS E DIÁRIOS
A51: Módulo 2 - Encargos, Benefícios Anuais, Mensais e Diários | I51: VALOR (R$)
A52: 2.1 | B52: 13º Salário, Férias e Adicional de Férias | I52: =I29 -> 405.46
A53: 2.2 | B53: GPS, FGTS e Outras Contribuições | I53: =I40 -> 879.4
A54: 2.3 | B54: Benefícios Mensais e Diários | I54: =I48 -> 826.64912
A55: TOTAL DO MÓDULO 2 | I55: =SUM(I52:I54) -> 2111.5091
A57: MÓDULO 3 – PROVISÃO PARA RESCISÃO
A58: 3 | B58: PROVISÃO PARA RESCISÃO | H58: % | I58: VALOR (R$)
A59: A | B59: Aviso Prévio Indenizado | H59: =(1/12)*5% -> 0.0041666667 | I59: =TRUNC(H59*$I$23,2) -> 8.26
A60: B | B60: Incidência do FGTS sobre Aviso Prévio Indenizado | H60: =H39*H59 -> 0.00033333333 | I60: =TRUNC(H60*$I$23,2) -> 0.66
A61: C | B61: Aviso Prévio Trabalhado | H61: =((7/30)/12) -> 0.019444444 | I61: =TRUNC(H61*$I$23,2) -> 38.58
A62: D | B62: Incidência de GPS, FGTS e outras contribuições sobre o Aviso Prévio Trabalhado | H62: =H40*H61 -> 0.0071555556 | I62: =TRUNC(H62*$I$23,2) -> 14.19
A63: E | B63: Multa sobre FGTS e contribuição social sobre o aviso prévio indenizado e sobre o aviso prévio trabalhado (Alterado conforme Lei nº 13.932/2019 ) | H63: 0.04 | I63: =TRUNC(H63*$I$23,2) -> 79.37
A64: TOTAL DO MÓDULO 3 | H64: =SUM(H59:H63) -> 0.0711 | I64: =SUM(I59:I63) -> 141.06
A66: MÓDULO 4 – CUSTO DE REPOSIÇÃO DO PROFISSIONAL AUSENTE
A67: Submódulo 4.1 - Substituto nas Ausências Legais | H67: % | I67: VALOR (R$)
A68: A | B68: Substituto na cobertura de Férias | H68: =(1/12/12)+(1/12/12)+(1/12/12/3) -> 0.016203704 | I68: =TRUNC(($I$23)*H68,2) -> 32.15
A69: B | B69: Substituto na cobertura de Ausências Legais | H69: =((1/30))/12 -> 0.0027777778 | I69: =TRUNC(($I$23)*H69,2) -> 5.51
A70: C | B70: Substituto na cobertura de Licença-Paternidade | H70: =((5/30)/12)*1.5% -> 0.00020833333 | I70: =TRUNC(($I$23)*H70,2) -> 0.41
A71: D | B71: Substituto na cobertura de Ausência por acidente de trabalho | H71: =((15/30)/12)*8% -> 0.0033333333 | I71: =TRUNC(($I$23)*H71,2) -> 6.61
A72: E | B72: Substituto na cobertura de Afastamento Maternidade | H72: =(((4*8.33%)+(4*2.78%))/12)*2% -> 0.00074066667 | I72: =TRUNC(($I$23)*H72,2) -> 1.46
A73: F | B73: Substituto na cobertura de Outras ausências (especificar) | H73: 0 | I73: =TRUNC(($I$23)*H73,2) -> 0
A74: TOTAL SUBMÓDULO 4.1 | H74: =SUM(H68:H73) -> 0.023263815 | I74: =SUM(I68:I73) -> 46.14
A76: Submódulo 4.2 - Intrajornada | H76: % | I76: VALOR (R$)
A77: A | B77: Substituto na cobertura de Intervalo para repouso ou alimentação | H77: 0 | I77: 0
A78: TOTAL SUBMÓDULO 4.2 | H78: 0 | I78: 0
A80: QUADRO-RESUMO DO MÓDULO 4 - CUSTO DE REPOSIÇÃO DO PROFISSIONAL AUSENTE
A81: Módulo 4 - Custo de Reposição do Profissional Ausente | I81: VALOR (R$)
A82: 4.1 | B82: Substituto nas Ausências Legais | I82: =I74 -> 46.14
A83: 4.2 | B83: Substituto na Intrajornada | I83: =I78 -> 0
A84: TOTAL DO MÓDULO 4 | I84: =SUM(I82:I83) -> 46.14
A86: MÓDULO 5 – INSUMOS DIVERSOS
A87: 5 | B87: INSUMOS DIVERSOS | I87: VALOR (R$)
A88: A | B88: Alimentação no "trecho" - considerando valor pago atualmente pelo Município - Edital de Credenciamento n° 01/2025 - PMC - R$ 35,63 por refeição | H88: - | I88: =35.63*22 -> 783.86 | K88: Será objeto de comprovação mensal, e possível glosa - Conforme TR.
A89: B | B89: Uniformes | I89: 83.75
A90: C | B90: EPI's - Ver relação no termo de referência | I90: 177.56 | K90: A licitante poderá ser motivada a comprovar os custos apresentados.
A91: TOTAL DO MÓDULO 5 | H91: - | I91: =SUM(I89:I90) -> 261.31
A93: MÓDULO 6 – CUSTOS INDIRETOS, TRIBUTOS E LUCRO
A94: 6 | B94: CUSTOS INDIRETOS, TRIBUTOS E LUCRO | H94: % | I94: VALOR (R$)
A95: A | B95: Custos Indiretos | H95: 0.03 | I95: =TRUNC(((I119)*H95),2) -> 136.33
A96: B | B96: Lucro | H96: 0.06 | I96: =TRUNC(((I119+I95)*H96),2) -> 280.84
A97: C | B97: TRIBUTOS
A98: C.1 | B98: PIS (Lucro Presumido) | H98: 0.0165 | I98: =TRUNC(H98*((I119+I95+I96)/(1-H103)),2) -> 93.29
A99: C.2 | B99: COFINS (Lucro Presumido) | H99: 0.076 | I99: =TRUNC(H99*(I119+I95+I96)/(1-H103),2) -> 429.71
A100: C.3 | B100: ISS | H100: 0.03 | I100: =TRUNC(H100*(I119+I95+I96)/(1-H103),2) -> 169.62
A101: TOTAL DO MÓDULO 6 | H101: =SUM(H95:H100) -> 0.2125 | I101: =SUM(I95:I100) -> 1109.79
A103: a) | B103: Tributos % = To = ............................................................. | H103: =H98+H99+H100 -> 0.1225
B104: 100
A106: b) | B106: (Total dos Módulos 1, 2, 3, 4 e 5+ Custos indiretos + lucro)= Po = ................................... | I106: =I23+I55+I64+I84+I91+I95+I96 -> 4961.5451
A108: c) | B108: Po / (1 - To) = P1 = .............................................................................. | I108: =TRUNC(I106/(1-H103),2) -> 5654.18
B110: Valor dos Tributos = P1 - Po | I110: =I108-I106 -> 692.63488
A112: QUADRO RESUMO DO CUSTO POR EMPREGADO
A113: Mão-de-Obra vinculada à execução contratual (valor por empregado) | I113: VALOR (R$)
A114: A | B114: MÓDULO 1 - COMPOSIÇÃO DA REMUNERAÇÃO | I114: =I23 -> 1984.356
A115: B | B115: MÓDULO 2 – ENCARGOS E BENEFÍCIOS ANUAIS, MENSAIS E DIÁRIOS | I115: =I55 -> 2111.5091
A116: C | B116: MÓDULO 3 – PROVISÃO PARA RESCISÃO | I116: =I64 -> 141.06
A117: D | B117: MÓDULO 4 – CUSTO DE REPOSIÇÃO DO PROFISSIONAL AUSENTE | I117: =I84 -> 46.14
A118: E | B118: MÓDULO 5 – INSUMOS DIVERSOS | I118: =I91 -> 261.31
...

Sheet Borracheiro
A2: Observação: preencher os campos em amarelo
A3: Categoria profissional: BORRACHEIRO - Salário com base na CCT
A4: Discriminação dos Serviços
A5: A | B5: Data de apresentação da proposta
A6: B | B6: Sindicato | H6: SIND DOS EMPRG DE EMP DE ASSEIO E CONSERVACAO DO EST SC, CNPJ n. 81.532.095/0001-96
A7: C | B7: Ano do Acordo, Convenção ou Dissídio Coletivo | H7: SC000014/2025
A8: D | B8: Nº de meses de execução contratual | H8: 12
A9: E | B9: Função contratada: | H9: Borracheio
A11: Dados para composição dos custos referentes à mão-de-obra
A12: 1 | B12: Salário Nominativo da Categoria Profissional | H12: 1653.63
A13: 2 | B13: Data base da categoria (dia/mês/ano) | H13: 45658
A15: MÓDULO 1 - COMPOSIÇÃO DA REMUNERAÇÃO
A16: 1 | B16: COMPOSIÇÃO DA REMUNERAÇÃO | H16: % | I16: VALOR (R$)
A17: A | B17: Salário Base | I17: 1653.63
A18: B | B18: Adicional Periculosidade | I18: 0
A19: C | B19: Adicional Insalubridade - Salário Mínimo | H19: 0.2 | I19: =1518*20% -> 303.6
A20: D | B20: Adicional Noturno | I20: 0
A21: E | B21: Adicional de Hora Noturna Reduzida | I21: 0
A22: F | B22: Outros (especificar) | I22: 0
A23: TOTAL DO MÓDULO 1 | I23: =SUM(I17:I22) -> 1957.23
A25: MÓDULO 2 – ENCARGOS E BENEFÍCIOS ANUAIS, MENSAIS E DIÁRIOS
A26: Submódulo 2.1 - 13º Salário, Férias e Adicional de Férias | H26: % | I26: VALOR (R$)
A27: A | B27: 13 (Décimo-terceiro) salário (Percentual obrigatório conforme Anexo XII - IN 5/17) | H27: 0.083333 | I27: =TRUNC($I$23*H27,2) -> 163.1
A28: B | B28: Férias e Adicional de Férias (Percentual obrigatório conforme Anexo XII - IN 5/17) | H28: 0.121 | I28: =TRUNC($I$23*H28,2) -> 236.82
A29: TOTAL SUBMÓDULO 2.1 | H29: =SUM(H27:H28) -> 0.204333 | I29: =SUM(I27:I28) -> 399.92
A31: Submódulo 2.2 - GPS, FGTS e Outras Contribuições | H31: % | I31: VALOR (R$)
A32: A | B32: INSS | H32: 0.2 | I32: =TRUNC(($I$23+$I$29)*$H$32,2) -> 471.43
A33: B | B33: Salário Educação | H33: 0.025 | I33: =TRUNC(($I$23+$I$29)*$H$33,2) -> 58.92 | K33: Detalhamento VT
A34: C | B34: SAT (Seguro Acidente de Trabalho) | H34: 0.03 | I34: =TRUNC(($I$23+$I$29)*$H$34,2) -> 70.71 | K34: Vale transporte - Valor unitário | L34: 1.5
A35: D | B35: SESC ou SESI | H35: 0.015 | I35: =TRUNC(($I$23+$I$29)*$H$35,2) -> 35.35 | K35: Valor transporte diário (2) | L35: =L34*2 -> 3
A36: E | B36: SENAI - SENAC | H36: 0.01 | I36: =TRUNC(($I$23+$I$29)*$H$36,2) -> 23.57 | K36: Vale transporte mensal (22 dias) | L36: =L35*22 -> 66
A37: F | B37: SEBRAE | H37: 0.006 | I37: =TRUNC(($I$23+$I$29)*$H$37,2) -> 14.14 | K37: Cálculo de 6% sobre o salário | L37: =I17*6% -> 99.2178
A38: G | B38: INCRA | H38: 0.002 | I38: =TRUNC(($I$23+$I$29)*$H$38,2) -> 4.71 | K38: O desconto o VT na folha de pagamento dos funcionários será de 66,00, e portanto, a empresa não terá custos com o fornecimento de vale transporte (Art. 4º, § único, do Decreto nº 95.247/1987:)
A39: H | B39: FGTS | H39: 0.08 | I39: =TRUNC(($I$23+$I$29)*$H$39,2) -> 188.57
A40: TOTAL SUBMÓDULO 2.2 | H40: =SUM(H32:H39) -> 0.368 | I40: =SUM(I32:I39) -> 867.4
A42: Submódulo 2.3 - Benefícios Mensais e Diários | I42: VALOR (R$)
A43: A | B43: Transporte (R$ 1,50 x 2 x 22 - 6% x SalBase) | H43: - | I43: 0
A44: B | B44: Auxílio Alimentação [(R$ 27,97 x 22) - 1%] - Conforme CCT SC000014/2025 - Segunda à Sexta | H44: - | I44: =(27.97*22)-((27.97*22)*1%) -> 609.1866
A45: B | B45: Auxílio Alimentação [(R$ 17,06 x 4) - 1%] - Conforme CCT SC000014/2025 - Sábado | H45: - | I45: =(17.06*4)-((17.06*4)*1%) -> 67.5576
A46: C | B46: Assiduidade - Conforme CCT SC000014/2025 | H46: - | I46: =I23*7% -> 137.0061
A47: D | B47: Benefício de assistência ao trabalhador - Conforme CCT SC000014/2025 | H47: - | I47: 11
A49: TOTAL SUBMÓDULO 2.3 | I49: =SUM(I43:I48) -> 824.7503
A51: QUADRO-RESUMO DO MÓDULO 2 - ENCARGOS, BENEFÍCIOS ANUAIS, MENSAIS E DIÁRIOS
A52: Módulo 2 - Encargos, Benefícios Anuais, Mensais e Diários | I52: VALOR (R$)
A53: 2.1 | B53: 13º Salário, Férias e Adicional de Férias | I53: =I29 -> 399.92
A54: 2.2 | B54: GPS, FGTS e Outras Contribuições | I54: =I40 -> 867.4
A55: 2.3 | B55: Benefícios Mensais e Diários | I55: =I49 -> 824.7503
A56: TOTAL DO MÓDULO 2 | I56: =SUM(I53:I55) -> 2092.0703
A58: MÓDULO 3 – PROVISÃO PARA RESCISÃO
A59: 3 | B59: PROVISÃO PARA RESCISÃO | H59: % | I59: VALOR (R$)
A60: A | B60: Aviso Prévio Indenizado | H60: =(1/12)*5% -> 0.0041666667 | I60: =TRUNC(H60*$I$23,2) -> 8.15
A61: B | B61: Incidência do FGTS sobre Aviso Prévio Indenizado | H61: =H39*H60 -> 0.00033333333 | I61: =TRUNC(H61*$I$23,2) -> 0.65
A62: C | B62: Aviso Prévio Trabalhado | H62: =((7/30)/12) -> 0.019444444 | I62: =TRUNC(H62*$I$23,2) -> 38.05
A63: D | B63: Incidência de GPS, FGTS e outras contribuições sobre o Aviso Prévio Trabalhado | H63: =H40*H62 -> 0.0071555556 | I63: =TRUNC(H63*$I$23,2) -> 14
A64: E | B64: Multa sobre FGTS e contribuição social sobre o aviso prévio indenizado e sobre o aviso prévio trabalhado (Alterado conforme Lei nº 13.932/2019 ) | H64: 0.04 | I64: =TRUNC(H64*$I$23,2) -> 78.28
A65: TOTAL DO MÓDULO 3 | H65: =SUM(H60:H64) -> 0.0711 | I65: =SUM(I60:I64) -> 139.13
A67: MÓDULO 4 – CUSTO DE REPOSIÇÃO DO PROFISSIONAL AUSENTE
A68: Submódulo 4.1 - Substituto nas Ausências Legais | H68: % | I68: VALOR (R$)
A69: A | B69: Substituto na cobertura de Férias | H69: =(1/12/12)+(1/12/12)+(1/12/12/3) -> 0.016203704 | I69: =TRUNC(($I$23)*H69,2) -> 31.71
A70: B | B70: Substituto na cobertura de Ausências Legais | H70: =((1/30))/12 -> 0.0027777778 | I70: =TRUNC(($I$23)*H70,2) -> 5.43
A71: C | B71: Substituto na cobertura de Licença-Paternidade | H71: =((5/30)/12)*1.5% -> 0.00020833333 | I71: =TRUNC(($I$23)*H71,2) -> 0.4
A72: D | B72: Substituto na cobertura de Ausência por acidente de trabalho | H72: =((15/30)/12)*8% -> 0.0033333333 | I72: =TRUNC(($I$23)*H72,2) -> 6.52
A73: E | B73: Substituto na cobertura de Afastamento Maternidade | H73: =(((4*8.33%)+(4*2.78%))/12)*2% -> 0.00074066667 | I73: =TRUNC(($I$23)*H73,2) -> 1.44
A74: F | B74: Substituto na cobertura de Outras ausências (especificar) | H74: 0 | I74: =TRUNC(($I$23)*H74,2) -> 0
A75: TOTAL SUBMÓDULO 4.1 | H75: =SUM(H69:H74) -> 0.023263815 | I75: =SUM(I69:I74) -> 45.5
A77: Submódulo 4.2 - Intrajornada | H77: % | I77: VALOR (R$)
A78: A | B78: Substituto na cobertura de Intervalo para repouso ou alimentação | H78: 0 | I78: 0
A79: TOTAL SUBMÓDULO 4.2 | H79: 0 | I79: 0
A81: QUADRO-RESUMO DO MÓDULO 4 - CUSTO DE REPOSIÇÃO DO PROFISSIONAL AUSENTE
A82: Módulo 4 - Custo de Reposição do Profissional Ausente | I82: VALOR (R$)
A83: 4.1 | B83: Substituto nas Ausências Legais | I83: =I75 -> 45.5
A84: 4.2 | B84: Substituto na Intrajornada | I84: =I79 -> 0
A85: TOTAL DO MÓDULO 4 | I85: =SUM(I83:I84) -> 45.5
A87: MÓDULO 5 – INSUMOS DIVERSOS
A88: 5 | B88: INSUMOS DIVERSOS | I88: VALOR (R$)
A89: A | B89: Uniformes | I89: 83.75 | K89: A licitante poderá ser motivada a comprovar os custos apresentados.
A90: B | B90: EPI's - Ver relação no termo de referência | I90: 177.56
A91: TOTAL DO MÓDULO 5 | H91: - | I91: =SUM(I89:I90) -> 261.31
A93: MÓDULO 6 – CUSTOS INDIRETOS, TRIBUTOS E LUCRO
A94: 6 | B94: CUSTOS INDIRETOS, TRIBUTOS E LUCRO | H94: % | I94: VALOR (R$)
A95: A | B95: Custos Indiretos | H95: 0.03 | I95: =TRUNC(((I119)*H95),2) -> 134.85
A96: B | B96: Lucro | H96: 0.06 | I96: =TRUNC(((I119+I95)*H96),2) -> 277.8
A97: C | B97: TRIBUTOS
A98: C.1 | B98: PIS (Lucro Presumido) | H98: 0.0165 | I98: =TRUNC(H98*((I119+I95+I96)/(1-H103)),2) -> 92.28
A99: C.2 | B99: COFINS (Lucro Presumido) | H99: 0.076 | I99: =TRUNC(H99*(I119+I95+I96)/(1-H103),2) -> 425.07
A100: C.3 | B100: ISS | H100: 0.03 | I100: =TRUNC(H100*(I119+I95+I96)/(1-H103),2) -> 167.79
A101: TOTAL DO MÓDULO 6 | H101: =SUM(H95:H100) -> 0.2125 | I101: =SUM(I95:I100) -> 1097.79
A103: a) | B103: Tributos % = To = ............................................................. | H103: =H98+H99+H100 -> 0.1225
B104: 100
A106: b) | B106: (Total dos Módulos 1, 2, 3, 4 e 5+ Custos indiretos + lucro)= Po = ................................... | I106: =I23+I56+I65+I85+I91+I95+I96 -> 4907.8903
A108: c) | B108: Po / (1 - To) = P1 = .............................................................................. | I108: =TRUNC(I106/(1-H103),2) -> 5593.03
B110: Valor dos Tributos = P1 - Po | I110: =I108-I106 -> 685.1397
A112: QUADRO RESUMO DO CUSTO POR EMPREGADO
A113: Mão-de-Obra vinculada à execução contratual (valor por empregado) | I113: VALOR (R$)
A114: A | B114: MÓDULO 1 - COMPOSIÇÃO DA REMUNERAÇÃO | I114: =I23 -> 1957.23
A115: B | B115: MÓDULO 2 – ENCARGOS E BENEFÍCIOS ANUAIS, MENSAIS E DIÁRIOS | I115: =I56 -> 2092.0703
A116: C | B116: MÓDULO 3 – PROVISÃO PARA RESCISÃO | I116: =I65 -> 139.13
A117: D | B117: MÓDULO 4 – CUSTO DE REPOSIÇÃO DO PROFISSIONAL AUSENTE | I117: =I85 -> 45.5
A118: E | B118: MÓDULO 5 – INSUMOS DIVERSOS | I118: =I91 -> 261.31
B119: Subtotal (A + B + C + D + E) | I119: =SUM(I114:I118) -> 4495.2403
...

Sheet Mecânico linha pesada
A2: Observação: preencher os campos em amarelo
A3: Categoria profissional: MECÂNICO - Salário conforme CCT
A4: Discriminação dos Serviços
A5: A | B5: Data de apresentação da proposta
A6: B | B6: Sindicato | H6: SIND DOS EMPRG DE EMP DE ASSEIO E CONSERVACAO DO EST SC, CNPJ n. 81.532.095/0001-96
A7: C | B7: Ano do Acordo, Convenção ou Dissídio Coletivo | H7: SC000014/2025
A8: D | B8: Nº de meses de execução contratual | H8: 12
A9: E | B9: Função contratada: | H9: Mecânico
A11: Dados para composição dos custos referentes à mão-de-obra
A12: 1 | B12: Salário Nominativo da Categoria Profissional | H12: 1865.78
A13: 2 | B13: Data base da categoria (dia/mês/ano) | H13: 45658
A15: MÓDULO 1 - COMPOSIÇÃO DA REMUNERAÇÃO
A16: 1 | B16: COMPOSIÇÃO DA REMUNERAÇÃO | H16: % | I16: VALOR (R$)
A17: A | B17: Salário Base | I17: =H12 -> 1865.78
A18: B | B18: Adicional Periculosidade | I18: 0
A19: C | B19: Adicional Insalubridade - Salário Mínimo | H19: 0.2 | I19: =1518*H19 -> 303.6
A20: D | B20: Adicional Noturno | I20: 0
A21: E | B21: Adicional de Hora Noturna Reduzida | I21: 0
A22: F | B22: Outros (especificar) | I22: 0
A23: TOTAL DO MÓDULO 1 | I23: =SUM(I17:I22) -> 2169.38
A25: MÓDULO 2 – ENCARGOS E BENEFÍCIOS ANUAIS, MENSAIS E DIÁRIOS
A26: Submódulo 2.1 - 13º Salário, Férias e Adicional de Férias | H26: % | I26: VALOR (R$)
A27: A | B27: 13 (Décimo-terceiro) salário (Percentual obrigatório conforme Anexo XII - IN 5/17) | H27: 0.083333 | I27: =TRUNC($I$23*H27,2) -> 180.78
A28: B | B28: Férias e Adicional de Férias (Percentual obrigatório conforme Anexo XII - IN 5/17) | H28: 0.121 | I28: =TRUNC($I$23*H28,2) -> 262.49
A29: TOTAL SUBMÓDULO 2.1 | H29: =SUM(H27:H28) -> 0.204333 | I29: =SUM(I27:I28) -> 443.27
A31: Submódulo 2.2 - GPS, FGTS e Outras Contribuições | H31: % | I31: VALOR (R$)
A32: A | B32: INSS | H32: 0.2 | I32: =TRUNC(($I$23+$I$29)*$H$32,2) -> 522.53 | K32: Detalhamento VT
A33: B | B33: Salário Educação | H33: 0.025 | I33: =TRUNC(($I$23+$I$29)*$H$33,2) -> 65.31 | K33: Vale transporte - Valor unitário | L33: 1.5
A34: C | B34: SAT (Seguro Acidente de Trabalho) | H34: 0.03 | I34: =TRUNC(($I$23+$I$29)*$H$34,2) -> 78.37 | K34: Valor transporte diário (2) | L34: =L33*2 -> 3
A35: D | B35: SESC ou SESI | H35: 0.015 | I35: =TRUNC(($I$23+$I$29)*$H$35,2) -> 39.18 | K35: Vale transporte mensal (22 dias) | L35: =L34*22 -> 66
A36: E | B36: SENAI - SENAC | H36: 0.01 | I36: =TRUNC(($I$23+$I$29)*$H$36,2) -> 26.12 | K36: Cálculo de 6% sobre o salário | L36: =I17*6% -> 111.9468
A37: F | B37: SEBRAE | H37: 0.006 | I37: =TRUNC(($I$23+$I$29)*$H$37,2) -> 15.67 | K37: O desconto o VT na folha de pagamento dos funcionários será de 66,00, e portanto, a empresa não terá custos com o fornecimento de vale transporte (Art. 4º, § único, do Decreto nº 95.247/1987:)
A38: G | B38: INCRA | H38: 0.002 | I38: =TRUNC(($I$23+$I$29)*$H$38,2) -> 5.22
A39: H | B39: FGTS | H39: 0.08 | I39: =TRUNC(($I$23+$I$29)*$H$39,2) -> 209.01
A40: TOTAL SUBMÓDULO 2.2 | H40: =SUM(H32:H39) -> 0.368 | I40: =SUM(I32:I39) -> 961.41
A42: Submódulo 2.3 - Benefícios Mensais e Diários | I42: VALOR (R$)
A43: A | B43: Transporte (R$ 1,50 x 2 x 22 - 6% x SalBase) | H43: - | I43: 0
A44: B | B44: Auxílio Alimentação [(R$ 27,97 x 22) - 1%] - Conforme CCT SC000014/2025 - Segunda à Sexta | H44: - | I44: =(27.97*22)-((27.97*22)*1%) -> 609.1866
A45: B | B45: Auxílio Alimentação [(R$ 17,06 x 4) - 1%] - Conforme CCT SC000014/2025 - Sábado | H45: - | I45: =(17.06*4)-((17.06*4)*1%) -> 67.5576
A46: C | B46: Assiduidade - Conforme CCT SC000014/2025 | H46: - | I46: =I23*7% -> 151.8566
A47: D | B47: Benefício de assistência ao trabalhador - Conforme CCT SC000014/2025 | H47: - | I47: 11
A48: F | H48: - | I48: 0
A49: TOTAL SUBMÓDULO 2.3 | I49: =SUM(I43:I48) -> 839.6008
A51: QUADRO-RESUMO DO MÓDULO 2 - ENCARGOS, BENEFÍCIOS ANUAIS, MENSAIS E DIÁRIOS
A52: Módulo 2 - Encargos, Benefícios Anuais, Mensais e Diários | I52: VALOR (R$)
A53: 2.1 | B53: 13º Salário, Férias e Adicional de Férias | I53: =I29 -> 443.27
A54: 2.2 | B54: GPS, FGTS e Outras Contribuições | I54: =I40 -> 961.41
A55: 2.3 | B55: Benefícios Mensais e Diários | I55: =I49 -> 839.6008
A56: TOTAL DO MÓDULO 2 | I56: =SUM(I53:I55) -> 2244.2808
A58: MÓDULO 3 – PROVISÃO PARA RESCISÃO
A59: 3 | B59: PROVISÃO PARA RESCISÃO | H59: % | I59: VALOR (R$)
A60: A | B60: Aviso Prévio Indenizado | H60: =(1/12)*5% -> 0.0041666667 | I60: =TRUNC(H60*$I$23,2) -> 9.03
A61: B | B61: Incidência do FGTS sobre Aviso Prévio Indenizado | H61: =H39*H60 -> 0.00033333333 | I61: =TRUNC(H61*$I$23,2) -> 0.72
A62: C | B62: Aviso Prévio Trabalhado | H62: =((7/30)/12) -> 0.019444444 | I62: =TRUNC(H62*$I$23,2) -> 42.18
A63: D | B63: Incidência de GPS, FGTS e outras contribuições sobre o Aviso Prévio Trabalhado | H63: =H40*H62 -> 0.0071555556 | I63: =TRUNC(H63*$I$23,2) -> 15.52
A64: E | B64: Multa sobre FGTS e contribuição social sobre o aviso prévio indenizado e sobre o aviso prévio trabalhado (Alterado conforme Lei nº 13.932/2019 ) | H64: 0.04 | I64: =TRUNC(H64*$I$23,2) -> 86.77
A65: TOTAL DO MÓDULO 3 | H65: =SUM(H60:H64) -> 0.0711 | I65: =SUM(I60:I64) -> 154.22
A67: MÓDULO 4 – CUSTO DE REPOSIÇÃO DO PROFISSIONAL AUSENTE
A68: Submódulo 4.1 - Substituto nas Ausências Legais | H68: % | I68: VALOR (R$)
A69: A | B69: Substituto na cobertura de Férias | H69: =(1/12/12)+(1/12/12)+(1/12/12/3) -> 0.016203704 | I69: =TRUNC(($I$23)*H69,2) -> 35.15
A70: B | B70: Substituto na cobertura de Ausências Legais | H70: =((1/30))/12 -> 0.0027777778 | I70: =TRUNC(($I$23)*H70,2) -> 6.02
A71: C | B71: Substituto na cobertura de Licença-Paternidade | H71: =((5/30)/12)*1.5% -> 0.00020833333 | I71: =TRUNC(($I$23)*H71,2) -> 0.45
A72: D | B72: Substituto na cobertura de Ausência por acidente de trabalho | H72: =((15/30)/12)*8% -> 0.0033333333 | I72: =TRUNC(($I$23)*H72,2) -> 7.23
A73: E | B73: Substituto na cobertura de Afastamento Maternidade | H73: =(((4*8.33%)+(4*2.78%))/12)*2% -> 0.00074066667 | I73: =TRUNC(($I$23)*H73,2) -> 1.6
A74: F | B74: Substituto na cobertura de Outras ausências (especificar) | H74: 0 | I74: =TRUNC(($I$23)*H74,2) -> 0
A75: TOTAL SUBMÓDULO 4.1 | H75: =SUM(H69:H74) -> 0.023263815 | I75: =SUM(I69:I74) -> 50.45
A77: Submódulo 4.2 - Intrajornada | H77: % | I77: VALOR (R$)
A78: A | B78: Substituto na cobertura de Intervalo para repouso ou alimentação | H78: 0 | I78: 0
A79: TOTAL SUBMÓDULO 4.2 | H79: 0 | I79: 0
A81: QUADRO-RESUMO DO MÓDULO 4 - CUSTO DE REPOSIÇÃO DO PROFISSIONAL AUSENTE
A82: Módulo 4 - Custo de Reposição do Profissional Ausente | I82: VALOR (R$)
A83: 4.1 | B83: Substituto nas Ausências Legais | I83: =I75 -> 50.45
A84: 4.2 | B84: Substituto na Intrajornada | I84: =I79 -> 0
A85: TOTAL DO MÓDULO 4 | I85: =SUM(I83:I84) -> 50.45
A87: MÓDULO 5 – INSUMOS DIVERSOS
A88: 5 | B88: INSUMOS DIVERSOS | I88: VALOR (R$)
A89: A | B89: Uniformes | I89: 83.75
A90: B | B90: EPI's - Ver relação no termo de referência | I90: 125.28 | K90: A licitante poderá ser motivada a comprovar os custos apresentados.
A91: TOTAL DO MÓDULO 5 | H91: - | I91: =SUM(I89:I90) -> 209.03
A93: MÓDULO 6 – CUSTOS INDIRETOS, TRIBUTOS E LUCRO
A94: 6 | B94: CUSTOS INDIRETOS, TRIBUTOS E LUCRO | H94: % | I94: VALOR (R$)
A95: A | B95: Custos Indiretos | H95: 0.03 | I95: =TRUNC(((I118)*H95),2) -> 144.82
A96: B | B96: Lucro | H96: 0.06 | I96: =TRUNC(((I118+I95)*H96),2) -> 298.33
A97: C | B97: TRIBUTOS
A98: C.1 | B98: PIS (Lucro Presumido) | H98: 0.0165 | I98: =TRUNC(H98*((I118+I95+I96)/(1-H102)),2) -> 99.1
A99: C.2 | B99: COFINS (Lucro Presumido) | H99: 0.076 | I99: =TRUNC(H99*(I118+I95+I96)/(1-H102),2) -> 456.47
A100: C.3 | B100: ISS | H100: 0.03 | I100: =TRUNC(H100*(I118+I95+I96)/(1-H102),2) -> 180.18
A101: TOTAL DO MÓDULO 6 | H101: =SUM(H95:H100) -> 0.2125 | I101: =SUM(I95:I100) -> 1178.9
A102: a) | B102: Tributos % = To = ............................................................. | H102: =H98+H99+H100 -> 0.1225
B103: 100
A105: b) | B105: (Total dos Módulos 1, 2, 3, 4 e 5+ Custos indiretos + lucro)= Po = ................................... | I105: =I23+I56+I65+I85+I91+I95+I96 -> 5270.5108
A107: c) | B107: Po / (1 - To) = P1 = .............................................................................. | I107: =TRUNC(I105/(1-H102),2) -> 6006.28
B109: Valor dos Tributos = P1 - Po | I109: =I107-I105 -> 735.7692
A111: QUADRO RESUMO DO CUSTO POR EMPREGADO
A112: Mão-de-Obra vinculada à execução contratual (valor por empregado) | I112: VALOR (R$)
A113: A | B113: MÓDULO 1 - COMPOSIÇÃO DA REMUNERAÇÃO | I113: =I23 -> 2169.38
A114: B | B114: MÓDULO 2 – ENCARGOS E BENEFÍCIOS ANUAIS, MENSAIS E DIÁRIOS | I114: =I56 -> 2244.2808
A115: C | B115: MÓDULO 3 – PROVISÃO PARA RESCISÃO | I115: =I65 -> 154.22
A116: D | B116: MÓDULO 4 – CUSTO DE REPOSIÇÃO DO PROFISSIONAL AUSENTE | I116: =I85 -> 50.45
A117: E | B117: MÓDULO 5 – INSUMOS DIVERSOS | I117: =I91 -> 209.03
...

Sheet Motorista de veículos pesados
A2: Observação: preencher os campos em amarelo
A3: Categoria profissional: MOTORISTA DE CAMINHÃO - Salário base definido em ETP
A4: Discriminação dos Serviços
A5: A | B5: Data de apresentação da proposta
A6: B | B6: Município | H6: Concórdia/SC
A7: C | B7: Ano do Acordo, Convenção ou Dissídio Coletivo
A8: D | B8: Nº de meses de execução contratual | H8: 12
A9: E | B9: Função contratada | G9: Mecânico | H9: Motorista veículos pesados
A11: Dados para composição dos custos referentes à mão-de-obra
A12: 1 | B12: Salário base a ser pago conforme definido em estudo técnico preliminar | H12: 3416.49
A13: 2 | B13: Data base da categoria (dia/mês/ano)
A15: MÓDULO 1 - COMPOSIÇÃO DA REMUNERAÇÃO
A16: 1 | B16: COMPOSIÇÃO DA REMUNERAÇÃO | H16: % | I16: VALOR (R$)
A17: A | B17: Salário Base | H17: - | I17: =H12 -> 3416.49
A18: B | B18: Adicional Periculosidade | H18: 0 | I18: 0
A19: C | B19: Adicional Insalubridade | H19: 0 | I19: 0
A20: D | B20: Adicional Noturno | H20: 0 | I20: 0
A21: E | B21: Adicional de Hora Noturna Reduzida | H21: 0 | I21: 0
A22: F | B22: Outros (especificar) | H22: 0 | I22: 0
A23: TOTAL DO MÓDULO 1 | I23: =SUM(I17:I22) -> 3416.49
A25: MÓDULO 2 – ENCARGOS E BENEFÍCIOS ANUAIS, MENSAIS E DIÁRIOS
A26: Submódulo 2.1 - 13º Salário, Férias e Adicional de Férias | H26: % | I26: VALOR (R$)
A27: A | B27: 13 (Décimo-terceiro) salário (Percentual obrigatório conforme Anexo XII - IN 5/17) | H27: 0.083333 | I27: =TRUNC($I$23*H27,2) -> 284.7
A28: B | B28: Férias e Adicional de Férias (Percentual obrigatório conforme Anexo XII - IN 5/17) | H28: 0.121 | I28: =TRUNC($I$23*H28,2) -> 413.39
A29: TOTAL SUBMÓDULO 2.1 | H29: =SUM(H27:H28) -> 0.204333 | I29: =SUM(I27:I28) -> 698.09
A31: Submódulo 2.2 - GPS, FGTS e Outras Contribuições | H31: % | I31: VALOR (R$)
A32: A | B32: INSS | H32: 0.2 | I32: =TRUNC(($I$23+$I$29)*$H$32,2) -> 822.91
A33: B | B33: Salário Educação | H33: 0.025 | I33: =TRUNC(($I$23+$I$29)*$H$33,2) -> 102.86
A34: C | B34: SAT (Seguro Acidente de Trabalho) | H34: 0.03 | I34: =TRUNC(($I$23+$I$29)*$H$34,2) -> 123.43
A35: D | B35: SESC ou SESI | H35: 0.015 | I35: =TRUNC(($I$23+$I$29)*$H$35,2) -> 61.71
A36: E | B36: SENAI - SENAC | H36: 0.01 | I36: =TRUNC(($I$23+$I$29)*$H$36,2) -> 41.14
A37: F | B37: SEBRAE | H37: 0.006 | I37: =TRUNC(($I$23+$I$29)*$H$37,2) -> 24.68
A38: G | B38: INCRA | H38: 0.002 | I38: =TRUNC(($I$23+$I$29)*$H$38,2) -> 8.22 | K38: Detalhamento VT
A39: H | B39: FGTS | H39: 0.08 | I39: =TRUNC(($I$23+$I$29)*$H$39,2) -> 329.16 | K39: Vale transporte - Valor unitário | L39: 1.5
A40: TOTAL SUBMÓDULO 2.2 | H40: =SUM(H32:H39) -> 0.368 | I40: =SUM(I32:I39) -> 1514.11 | K40: Valor transporte diário (2) | L40: =L39*2 -> 3
K41: Vale transporte mensal (22 dias) | L41: =L40*22 -> 66
A42: Submódulo 2.3 - Benefícios Mensais e Diários | I42: VALOR (R$) | K42: Cálculo de 6% sobre o salário | L42: =I17*6% -> 204.9894
A43: A | B43: Transporte (R$ 1,50 x 2 x 22 - 6% x SalBase) | H43: - | I43: 0 | K43: O desconto o VT na folha de pagamento dos funcionários será de 66,00, e portanto, a empresa não terá custos com o fornecimento de vale transporte (Art. 4º, § único, do Decreto nº 95.247/1987:)
A44: B | B44: Auxílio Alimentação [(R$ 27,97 x 22) - 1%] - Seguindo os parâmetros da CCT SC000014/2025 - conforme ETP- Segunda à Sexta | H44: - | I44: =(27.97*22)-((27.97*22)*1%) -> 609.1866
A45: B | B45: Auxílio Alimentação [(R$ 17,06 x 4) - 1%] - Seguindo os parâmetros da CCT SC000014/2025 - conforme ETP - Sábado | H45: - | I45: =(17.06*4)-((17.06*4)*1%) -> 67.5576
A46: E | H46: - | I46: 0
A47: F | H47: - | I47: 0
A48: TOTAL SUBMÓDULO 2.3 | I48: =SUM(I43:I47) -> 676.7442
A50: QUADRO-RESUMO DO MÓDULO 2 - ENCARGOS, BENEFÍCIOS ANUAIS, MENSAIS E DIÁRIOS
A51: Módulo 2 - Encargos, Benefícios Anuais, Mensais e Diários | I51: VALOR (R$)
A52: 2.1 | B52: 13º Salário, Férias e Adicional de Férias | I52: =I29 -> 698.09
A53: 2.2 | B53: GPS, FGTS e Outras Contribuições | I53: =I40 -> 1514.11
A54: 2.3 | B54: Benefícios Mensais e Diários | I54: =I48 -> 676.7442
A55: TOTAL DO MÓDULO 2 | I55: =SUM(I52:I54) -> 2888.9442
A57: MÓDULO 3 – PROVISÃO PARA RESCISÃO
A58: 3 | B58: PROVISÃO PARA RESCISÃO | H58: % | I58: VALOR (R$)
A59: A | B59: Aviso Prévio Indenizado | H59: =(1/12)*5% -> 0.0041666667 | I59: =TRUNC(H59*$I$23,2) -> 14.23
A60: B | B60: Incidência do FGTS sobre Aviso Prévio Indenizado | H60: =H39*H59 -> 0.00033333333 | I60: =TRUNC(H60*$I$23,2) -> 1.13
A61: C | B61: Aviso Prévio Trabalhado | H61: =((7/30)/12) -> 0.019444444 | I61: =TRUNC(H61*$I$23,2) -> 66.43
A62: D | B62: Incidência de GPS, FGTS e outras contribuições sobre o Aviso Prévio Trabalhado | H62: =H40*H61 -> 0.0071555556 | I62: =TRUNC(H62*$I$23,2) -> 24.44
A63: E | B63: Multa sobre FGTS e contribuição social sobre o aviso prévio indenizado e sobre o aviso prévio trabalhado (Alterado conforme Lei nº 13.932/2019 ) | H63: 0.04 | I63: =TRUNC(H63*$I$23,2) -> 136.65
A64: TOTAL DO MÓDULO 3 | H64: =SUM(H59:H63) -> 0.0711 | I64: =SUM(I59:I63) -> 242.88
A66: MÓDULO 4 – CUSTO DE REPOSIÇÃO DO PROFISSIONAL AUSENTE
A67: Submódulo 4.1 - Substituto nas Ausências Legais | H67: % | I67: VALOR (R$)
A68: A | B68: Substituto na cobertura de Férias | H68: =(1/12/12)+(1/12/12)+(1/12/12/3) -> 0.016203704 | I68: =TRUNC(($I$23)*H68,2) -> 55.35
A69: B | B69: Substituto na cobertura de Ausências Legais | H69: =((1/30))/12 -> 0.0027777778 | I69: =TRUNC(($I$23)*H69,2) -> 9.49
A70: C | B70: Substituto na cobertura de Licença-Paternidade | H70: =((5/30)/12)*1.5% -> 0.00020833333 | I70: =TRUNC(($I$23)*H70,2) -> 0.71
A71: D | B71: Substituto na cobertura de Ausência por acidente de trabalho | H71: =((15/30)/12)*8% -> 0.0033333333 | I71: =TRUNC(($I$23)*H71,2) -> 11.38
A72: E | B72: Substituto na cobertura de Afastamento Maternidade | H72: =(((4*8.33%)+(4*2.78%))/12)*2% -> 0.00074066667 | I72: =TRUNC(($I$23)*H72,2) -> 2.53
A73: F | B73: Substituto na cobertura de Outras ausências (especificar) | H73: 0 | I73: =TRUNC(($I$23)*H73,2) -> 0
A74: TOTAL SUBMÓDULO 4.1 | H74: =SUM(H68:H73) -> 0.023263815 | I74: =SUM(I68:I73) -> 79.46
A76: Submódulo 4.2 - Intrajornada | H76: % | I76: VALOR (R$)
A77: A | B77: Substituto na cobertura de Intervalo para repouso ou alimentação | H77: 0 | I77: 0
A78: TOTAL SUBMÓDULO 4.2 | H78: 0 | I78: 0
A80: QUADRO-RESUMO DO MÓDULO 4 - CUSTO DE REPOSIÇÃO DO PROFISSIONAL AUSENTE
A81: Módulo 4 - Custo de Reposição do Profissional Ausente | I81: VALOR (R$)
A82: 4.1 | B82: Substituto nas Ausências Legais | I82: =I74 -> 79.46
A83: 4.2 | B83: Substituto na Intrajornada | I83: =I78 -> 0
A84: TOTAL DO MÓDULO 4 | I84: =SUM(I82:I83) -> 79.46
A86: MÓDULO 5 – INSUMOS DIVERSOS
A87: 5 | B87: INSUMOS DIVERSOS | I87: VALOR (R$)
A88: A | B88: Alimentação no "trecho" - considerando valor pago atualmente pelo Município - Edital de Credenciamento n° 01/2025 - PMC - R$ 35,63 por refeição | H88: - | I88: =35.63*22 -> 783.86 | K88: Será objeto de comprovação mensal, e possível glosa - Conforme TR.
A89: B | B89: Uniformes | I89: 83.75
A90: C | B90: EPI's - Ver relação no termo de referência | I90: 68.54 | K90: A licitante poderá ser motivada a comprovar os custos apresentados.
A91: TOTAL DO MÓDULO 5 | H91: - | I91: =SUM(I89:I90) -> 152.29
A93: MÓDULO 6 – CUSTOS INDIRETOS, TRIBUTOS E LUCRO
A94: 6 | B94: CUSTOS INDIRETOS, TRIBUTOS E LUCRO | H94: % | I94: VALOR (R$)
A95: A | B95: Custos Indiretos | H95: 0.03 | I95: =TRUNC(((I118)*H95),2) -> 203.4
A96: B | B96: Lucro | H96: 0.06 | I96: =TRUNC(((I118+I95)*H96),2) -> 419
A97: C | B97: TRIBUTOS
A98: C.1 | B98: PIS (Lucro Presumido) | H98: 0.0165 | I98: =TRUNC(H98*((I118+I95+I96)/(1-H102)),2) -> 139.19
A99: C.2 | B99: COFINS (Lucro Presumido) | H99: 0.076 | I99: =TRUNC(H99*(I118+I95+I96)/(1-H102),2) -> 641.12
A100: C.3 | B100: ISS | H100: 0.03 | I100: =TRUNC(H100*(I118+I95+I96)/(1-H102),2) -> 253.07
A101: TOTAL DO MÓDULO 6 | H101: =SUM(H95:H100) -> 0.2125 | I101: =SUM(I95:I100) -> 1655.78
A102: a) | B102: Tributos % = To = ............................................................. | H102: =H98+H99+H100 -> 0.1225
B103: 100
A105: b) | B105: (Total dos Módulos 1, 2, 3, 4 e 5+ Custos indiretos + lucro)= Po = ................................... | I105: =I23+I55+I64+I84+I91+I95+I96 -> 7402.4642
A107: c) | B107: Po / (1 - To) = P1 = .............................................................................. | I107: =TRUNC(I105/(1-H102),2) -> 8435.85
B109: Valor dos Tributos = P1 - Po | I109: =I107-I105 -> 1033.3858
A111: QUADRO RESUMO DO CUSTO POR EMPREGADO
A112: Mão-de-Obra vinculada à execução contratual (valor por empregado) | I112: VALOR (R$)
A113: A | B113: MÓDULO 1 - COMPOSIÇÃO DA REMUNERAÇÃO | I113: =I23 -> 3416.49
A114: B | B114: MÓDULO 2 – ENCARGOS E BENEFÍCIOS ANUAIS, MENSAIS E DIÁRIOS | I114: =I55 -> 2888.9442
A115: C | B115: MÓDULO 3 – PROVISÃO PARA RESCISÃO | I115: =I64 -> 242.88
A116: D | B116: MÓDULO 4 – CUSTO DE REPOSIÇÃO DO PROFISSIONAL AUSENTE | I116: =I84 -> 79.46
...

Sheet Operador de Equipamento
A2: Observação: preencher os campos em amarelo
A3: Categoria profissional: OPERADOR DE EQUIPAMENTO (rolo, retroescavadeira e patrola) - Salário base definido em ETP
A4: Discriminação dos Serviços
A5: A | B5: Data de apresentação da proposta
A6: B | B6: Município | H6: Concórdia/SC
A7: C | B7: Ano do Acordo, Convenção ou Dissídio Coletivo
A8: D | B8: Nº de meses de execução contratual | H8: 12
A9: E | B9: Função contratada | G9: Mecânico | H9: Operador de equipamentos
A11: Dados para composição dos custos referentes à mão-de-obra
A12: 1 | B12: Salário base a ser pago conforme definido em estudo técnico preliminar | H12: 3901.86
A13: 2 | B13: Data base da categoria (dia/mês/ano)
A15: MÓDULO 1 - COMPOSIÇÃO DA REMUNERAÇÃO
A16: 1 | B16: COMPOSIÇÃO DA REMUNERAÇÃO | H16: % | I16: VALOR (R$)
A17: A | B17: Salário Base | H17: - | I17: =H12 -> 3901.86
A18: B | B18: Adicional Periculosidade | H18: 0 | I18: 0
A19: C | B19: Adicional Insalubridade | H19: 0 | I19: 0
A20: D | B20: Adicional Noturno | H20: 0 | I20: 0
A21: E | B21: Adicional de Hora Noturna Reduzida | H21: 0 | I21: 0
A22: F | B22: Outros (especificar) | H22: 0 | I22: 0
A23: TOTAL DO MÓDULO 1 | I23: =SUM(I17:I22) -> 3901.86
A25: MÓDULO 2 – ENCARGOS E BENEFÍCIOS ANUAIS, MENSAIS E DIÁRIOS
A26: Submódulo 2.1 - 13º Salário, Férias e Adicional de Férias | H26: % | I26: VALOR (R$)
A27: A | B27: 13 (Décimo-terceiro) salário (Percentual obrigatório conforme Anexo XII - IN 5/17) | H27: 0.083333 | I27: =TRUNC($I$23*H27,2) -> 325.15
A28: B | B28: Férias e Adicional de Férias (Percentual obrigatório conforme Anexo XII - IN 5/17) | H28: 0.121 | I28: =TRUNC($I$23*H28,2) -> 472.12
A29: TOTAL SUBMÓDULO 2.1 | H29: =SUM(H27:H28) -> 0.204333 | I29: =SUM(I27:I28) -> 797.27
A31: Submódulo 2.2 - GPS, FGTS e Outras Contribuições | H31: % | I31: VALOR (R$)
A32: A | B32: INSS | H32: 0.2 | I32: =TRUNC(($I$23+$I$29)*$H$32,2) -> 939.82
A33: B | B33: Salário Educação | H33: 0.025 | I33: =TRUNC(($I$23+$I$29)*$H$33,2) -> 117.47
A34: C | B34: SAT (Seguro Acidente de Trabalho) | H34: 0.03 | I34: =TRUNC(($I$23+$I$29)*$H$34,2) -> 140.97
A35: D | B35: SESC ou SESI | H35: 0.015 | I35: =TRUNC(($I$23+$I$29)*$H$35,2) -> 70.48
A36: E | B36: SENAI - SENAC | H36: 0.01 | I36: =TRUNC(($I$23+$I$29)*$H$36,2) -> 46.99
A37: F | B37: SEBRAE | H37: 0.006 | I37: =TRUNC(($I$23+$I$29)*$H$37,2) -> 28.19
A38: G | B38: INCRA | H38: 0.002 | I38: =TRUNC(($I$23+$I$29)*$H$38,2) -> 9.39
A39: H | B39: FGTS | H39: 0.08 | I39: =TRUNC(($I$23+$I$29)*$H$39,2) -> 375.93 | K39: Detalhamento VT
A40: TOTAL SUBMÓDULO 2.2 | H40: =SUM(H32:H39) -> 0.368 | I40: =SUM(I32:I39) -> 1729.24 | K40: Vale transporte - Valor unitário | L40: 1.5
K41: Valor transporte diário (2) | L41: =L40*2 -> 3
A42: Submódulo 2.3 - Benefícios Mensais e Diários | I42: VALOR (R$) | K42: Vale transporte mensal (22 dias) | L42: =L41*22 -> 66
A43: A | B43: Transporte (R$ 1,50 x 2 x 22 - 6% x SalBase) | H43: - | I43: 0 | K43: Cálculo de 6% sobre o salário | L43: =I17*6% -> 234.1116
A44: B | B44: Auxílio Alimentação [(R$ 27,97 x 22) - 1%] - Seguindo os parâmetros da CCT SC000014/2025 - conforme ETP- Segunda à Sexta | H44: - | I44: =(27.97*22)-((27.97*22)*1%) -> 609.1866 | K44: O desconto o VT na folha de pagamento dos funcionários será de 66,00, e portanto, a empresa não terá custos com o fornecimento de vale transporte (Art. 4º, § único, do Decreto nº 95.247/1987:)
A45: B | B45: Auxílio Alimentação [(R$ 17,06 x 4) - 1%] - Seguindo os parâmetros da CCT SC000014/2025 - conforme ETP - Sábado | H45: - | I45: =(17.06*4)-((17.06*4)*1%) -> 67.5576
A46: E | H46: - | I46: 0
A47: F | H47: - | I47: 0
A48: TOTAL SUBMÓDULO 2.3 | I48: =SUM(I43:I44) -> 609.1866
A50: QUADRO-RESUMO DO MÓDULO 2 - ENCARGOS, BENEFÍCIOS ANUAIS, MENSAIS E DIÁRIOS
A51: Módulo 2 - Encargos, Benefícios Anuais, Mensais e Diários | I51: VALOR (R$)
A52: 2.1 | B52: 13º Salário, Férias e Adicional de Férias | I52: =I29 -> 797.27
A53: 2.2 | B53: GPS, FGTS e Outras Contribuições | I53: =I40 -> 1729.24
A54: 2.3 | B54: Benefícios Mensais e Diários | I54: =I48 -> 609.1866
A55: TOTAL DO MÓDULO 2 | I55: =SUM(I52:I54) -> 3135.6966
A57: MÓDULO 3 – PROVISÃO PARA RESCISÃO
A58: 3 | B58: PROVISÃO PARA RESCISÃO | H58: % | I58: VALOR (R$)
A59: A | B59: Aviso Prévio Indenizado | H59: =(1/12)*5% -> 0.0041666667 | I59: =TRUNC(H59*$I$23,2) -> 16.25
A60: B | B60: Incidência do FGTS sobre Aviso Prévio Indenizado | H60: =H39*H59 -> 0.00033333333 | I60: =TRUNC(H60*$I$23,2) -> 1.3
A61: C | B61: Aviso Prévio Trabalhado | H61: =((7/30)/12) -> 0.019444444 | I61: =TRUNC(H61*$I$23,2) -> 75.86
A62: D | B62: Incidência de GPS, FGTS e outras contribuições sobre o Aviso Prévio Trabalhado | H62: =H40*H61 -> 0.0071555556 | I62: =TRUNC(H62*$I$23,2) -> 27.91
A63: E | B63: Multa sobre FGTS e contribuição social sobre o aviso prévio indenizado e sobre o aviso prévio trabalhado (Alterado conforme Lei nº 13.932/2019 ) | H63: 0.04 | I63: =TRUNC(H63*$I$23,2) -> 156.07
A64: TOTAL DO MÓDULO 3 | H64: =SUM(H59:H63) -> 0.0711 | I64: =SUM(I59:I63) -> 277.39
A66: MÓDULO 4 – CUSTO DE REPOSIÇÃO DO PROFISSIONAL AUSENTE
A67: Submódulo 4.1 - Substituto nas Ausências Legais | H67: % | I67: VALOR (R$)
A68: A | B68: Substituto na cobertura de Férias | H68: =(1/12/12)+(1/12/12)+(1/12/12/3) -> 0.016203704 | I68: =TRUNC(($I$23)*H68,2) -> 63.22
A69: B | B69: Substituto na cobertura de Ausências Legais | H69: =((1/30))/12 -> 0.0027777778 | I69: =TRUNC(($I$23)*H69,2) -> 10.83
A70: C | B70: Substituto na cobertura de Licença-Paternidade | H70: =((5/30)/12)*1.5% -> 0.00020833333 | I70: =TRUNC(($I$23)*H70,2) -> 0.81
A71: D | B71: Substituto na cobertura de Ausência por acidente de trabalho | H71: =((15/30)/12)*8% -> 0.0033333333 | I71: =TRUNC(($I$23)*H71,2) -> 13
A72: E | B72: Substituto na cobertura de Afastamento Maternidade | H72: =(((4*8.33%)+(4*2.78%))/12)*2% -> 0.00074066667 | I72: =TRUNC(($I$23)*H72,2) -> 2.88
A73: F | B73: Substituto na cobertura de Outras ausências (especificar) | H73: 0 | I73: =TRUNC(($I$23)*H73,2) -> 0
A74: TOTAL SUBMÓDULO 4.1 | H74: =SUM(H68:H73) -> 0.023263815 | I74: =SUM(I68:I73) -> 90.74
A76: Submódulo 4.2 - Intrajornada | H76: % | I76: VALOR (R$)
A77: A | B77: Substituto na cobertura de Intervalo para repouso ou alimentação | H77: 0 | I77: 0
A78: TOTAL SUBMÓDULO 4.2 | H78: 0 | I78: 0
A80: QUADRO-RESUMO DO MÓDULO 4 - CUSTO DE REPOSIÇÃO DO PROFISSIONAL AUSENTE
A81: Módulo 4 - Custo de Reposição do Profissional Ausente | I81: VALOR (R$)
A82: 4.1 | B82: Substituto nas Ausências Legais | I82: =I74 -> 90.74
A83: 4.2 | B83: Substituto na Intrajornada | I83: =I78 -> 0
A84: TOTAL DO MÓDULO 4 | I84: =SUM(I82:I83) -> 90.74
A86: MÓDULO 5 – INSUMOS DIVERSOS
A87: 5 | B87: INSUMOS DIVERSOS | I87: VALOR (R$)
A88: A | B88: Alimentação no "trecho" - considerando valor pago atualmente pelo Município - Edital de Credenciamento n° 01/2025 - PMC - R$ 35,63 por refeição | H88: - | I88: =35.63*22 -> 783.86 | K88: Será objeto de comprovação mensal, e possível glosa - Conforme TR.
A89: A | B89: Uniformes | I89: 83.75
A90: B | B90: EPI's - Ver relação no termo de referência | I90: 77.97 | K90: A licitante poderá ser motivada a comprovar os custos apresentados.
A91: TOTAL DO MÓDULO 5 | H91: - | I91: =SUM(I89:I90) -> 161.72
A93: MÓDULO 6 – CUSTOS INDIRETOS, TRIBUTOS E LUCRO
A94: 6 | B94: CUSTOS INDIRETOS, TRIBUTOS E LUCRO | H94: % | I94: VALOR (R$)
A95: A | B95: Custos Indiretos | H95: 0.03 | I95: =TRUNC(((I118)*H95),2) -> 227.02
A96: B | B96: Lucro | H96: 0.06 | I96: =TRUNC(((I118+I95)*H96),2) -> 467.66
A97: C | B97: TRIBUTOS
A98: C.1 | B98: PIS (Lucro Presumido) | H98: 0.0165 | I98: =TRUNC(H98*((I118+I95+I96)/(1-H102)),2) -> 155.35
A99: C.2 | B99: COFINS (Lucro Presumido) | H99: 0.076 | I99: =TRUNC(H99*(I118+I95+I96)/(1-H102),2) -> 715.57
A100: C.3 | B100: ISS | H100: 0.03 | I100: =TRUNC(H100*(I118+I95+I96)/(1-H102),2) -> 282.46
A101: TOTAL DO MÓDULO 6 | H101: =SUM(H95:H100) -> 0.2125 | I101: =SUM(I95:I100) -> 1848.06
A102: a) | B102: Tributos % = To = ............................................................. | H102: =H98+H99+H100 -> 0.1225
B103: 100
A105: b) | B105: (Total dos Módulos 1, 2, 3, 4 e 5+ Custos indiretos + lucro)= Po = ................................... | I105: =I23+I55+I64+I84+I91+I95+I96 -> 8262.0866
A107: c) | B107: Po / (1 - To) = P1 = .............................................................................. | I107: =TRUNC(I105/(1-H102),2) -> 9415.48
B109: Valor dos Tributos = P1 - Po | I109: =I107-I105 -> 1153.3934
A111: QUADRO RESUMO DO CUSTO POR EMPREGADO
A112: Mão-de-Obra vinculada à execução contratual (valor por empregado) | I112: VALOR (R$)
A113: A | B113: MÓDULO 1 - COMPOSIÇÃO DA REMUNERAÇÃO | I113: =I23 -> 3901.86
A114: B | B114: MÓDULO 2 – ENCARGOS E BENEFÍCIOS ANUAIS, MENSAIS E DIÁRIOS | I114: =I55 -> 3135.6966
A115: C | B115: MÓDULO 3 – PROVISÃO PARA RESCISÃO | I115: =I64 -> 277.39
A116: D | B116: MÓDULO 4 – CUSTO DE REPOSIÇÃO DO PROFISSIONAL AUSENTE | I116: =I84 -> 90.74
...
